 Dungeon Crawl Stone Soup version 0.18.1-48-g4cf74bf (webtiles) character file.

1008 Implojin the Cleaver (level 8, -3/64 HPs)
             Began as a Minotaur Fighter on June 29, 2016.
             Killed by nerve-wracking pain
             ... invoked by an orc priest
              (7 damage)
             ... on level 7 of the Dungeon.
             The game lasted 00:05:39 (996 turns).

Implojin the Cleaver (Minotaur Fighter)              Turns: 996, Time: 00:05:40

Health: -3/64      AC:  6    Str: 21    XL:     8   Next: 1%
Magic:  7/7        EV:  7    Int:  5    God:
Gold:   23         SH: 10    Dex: 12    Spells: 0 memorised, 7 levels left

rFire  . . .     SeeInvis .     a - +0 war axe
rCold  . . .     Gourm    .     b - +0 scale mail
rNeg   . . .     Faith    .     c - +1 shield
rPois  .         Spirit   .     (helmet restricted)
rElec  .         Dismiss  .     (no cloak)
rCorr  .         Reflect  .     (no gloves)
SustAt .         Harm     .     (no boots)
MR     .....                    (no amulet)
Stlth  ..........               (no ring)
                                d - ring of flight

@: marked, very slightly contaminated, hasted, very quick, not resistant to
hostile enchantments, extremely unstealthy
A: retaliatory headbutt, horns 2
a: Evoke Flight


You were on level 7 of the Dungeon.
You were not hungry.

You visited 1 branch of the dungeon, and saw 7 of its levels.

You collected 23 gold pieces.

Inventory:

Hand Weapons
 a - a +0 war axe (weapon)
 l - the +10 Mace of Variability {chaos}
   (You found it on level 4 of the Dungeon)

   Each time it hits an enemy it has a different, random effect.
Missiles
 q - 8 tomahawks (quivered)
Armour
 b - a +0 scale mail (worn)
 c - a +1 shield (worn)
Jewellery
 d - a ring of flight (left hand)
Scrolls
 e - 2 scrolls of enchant armour
 g - 4 scrolls of identify {unknown}
 i - a scroll of fear {unknown}
 m - a scroll of amnesia {unknown}
 o - a scroll of teleportation {unknown}
 p - a scroll of remove curse {unknown}
 r - a scroll of immolation {unknown}
Potions
 h - 2 potions of haste
 j - a potion of curing
 k - a potion of cure mutation {unknown}
 s - a potion of mutation {unknown}
 t - a potion of degeneration {unknown}
 u - a potion of agility {unknown}
Comestibles
 f - a bread ration
 n - a meat ration


   Skills:
 - Level 3.6 Fighting
 * Level 11.1 Axes
 - Level 3.6 Armour
 - Level 3.6 Shields


You had 7 spell levels left.
You didn't know any spells.

Dungeon Overview and Level Annotations

Branches:
Dungeon (7/15)
 Temple: D:4-7

Altars:
Fedhas

Shops:
D:6 %


Innate Abilities, Weirdness & Mutations

You reflexively headbutt those who attack you in melee.
You have a pair of horns on your head.


Message History

The orc wizard gestures at you while chanting.
The magic dart hits you!
* * * LOW HITPOINT WARNING * * *
The hound bites you but does no damage. The orc hits you but does no damage.
You are very lightly contaminated with residual magic.
An orc priest comes into view.
Unknown command.
Unknown command.
Unknown command.
You slash the hound!
You kill the hound!
You have reached level 8!
You feel stronger.
You hit the orc.
You kill the orc!
The orc wizard points at you and mumbles some strange words.
The magic dart hits you!
* * * LOW HITPOINT WARNING * * *
Unknown command.
You see here a hound corpse.
Unknown command.
You closely miss the orc priest. You barely miss the iguana.
The iguana bites you!
* * * LOW HITPOINT WARNING * * *
Unknown command.
You slash the orc priest!
You headbutt the orc priest, but do no damage.
The orc priest is almost dead.
You hit the iguana.
The iguana is lightly wounded.
Unknown command.
You closely miss the orc priest. Your headbutt misses the orc priest.
The orc priest is almost dead.
Your shield and scale mail prevent you from hitting the iguana.
The iguana is lightly wounded.
You hit the orc warrior but do no damage.
You block the iguana's attack.
The orc priest mumbles some strange prayers to Beogh against you.
Pain shoots through your body!
You die...

#...##.............
#...##........>..h.
##...##...............#
###...###................
###.....#
#..).............
#......##
#................
.....### #....).##.......
...### #....o###....#
..## #....o@##..### ..#
###...l....####.## ..#
#......)).....<... .##
#.....########.... .#
#......# .. .# #......#
## #......#
###########......#
.................#


You could see an orc warrior, an iguana and an orc priest.

Vanquished Creatures
  3 sky beasts
  An ice beast (D:7)
  A necrophage (D:6)
  4 killer bees (D:7)
  A centaur zombie (D:5)
  A quasit (D:7)
  3 hounds
  An orc wizard (D:6)
  A centaur skeleton (D:4)
  A giant frog skeleton (D:5)
  A worker ant (D:6)
  A killer bee zombie (D:7)
  A worker ant zombie (D:7)
  3 gnolls (D:7)
  2 adders
  A dart slug (D:1)
  2 giant geckos
  4 orcs
  4 giant cockroaches
  A goblin (D:1)
  2 hobgoblins (D:3)
  3 jackals (D:7)
  2 bats
  A giant newt (D:2)
  2 rats
47 creatures vanquished.

Notes
Turn   | Place    | Note
--------------------------------------------------------------
     0 | D:1      | Implojin the Minotaur Fighter began the quest for the Orb.
     0 | D:1      | Reached XP level 1. HP: 19/19 MP: 0/0
    52 | D:1      | Reached skill level 3 in Axes
    79 | D:2      | Reached XP level 2. HP: 14/26 MP: 1/1
   174 | D:3      | Reached skill level 4 in Axes
   320 | D:4      | Reached XP level 3. HP: 24/31 MP: 2/2
   337 | D:5      | Entered Level 5 of the Dungeon
   345 | D:5      | Reached skill level 5 in Axes
   356 | D:5      | Reached XP level 4. HP: 23/39 MP: 3/3
   452 | D:4      | Reached skill level 6 in Axes
   523 | D:6      | Found a blossoming altar of Fedhas.
   531 | D:6      | Reached XP level 5. HP: 40/45 MP: 4/4
   548 | D:6      | Found Tepsi's Food Shop.
   566 | D:6      | Reached skill level 7 in Axes
   587 | D:5      | Noticed a sky beast
   612 | D:5      | Killed a sky beast
   612 | D:5      | Reached XP level 6. HP: 36/51 MP: 5/5
   700 | D:7      | Noticed a sky beast
   713 | D:7      | Reached skill level 8 in Axes
   744 | D:7      | Reached skill level 9 in Axes
   752 | D:7      | Killed a sky beast
   752 | D:7      | Reached XP level 7. HP: 20/57 MP: 6/6
   841 | D:7      | Reached skill level 10 in Axes
   984 | D:7      | Reached skill level 11 in Axes
   992 | D:7      | Reached XP level 8. HP: 20/64 MP: 7/7
   996 | D:7      | Killed from afar by an orc priest

Skill      XL: |  1  2  3  4  5  6  7 |
---------------+----------------------+-----
Axes           | 3 4 5 6 7 9 11 | 11.1
Fighting       | |  3.6
Armour         | |  3.6
Shields        | |  3.6

Action                   |  1- 3 |  4- 6 |  7- 9 || total
-------------------------+-------+-------+-------++-------
Melee: War axe           |    44 |    73 |    54 ||   171
       Headbutt          |     6 |     6 |    10 ||    22
Throw: Tomahawk          |       |       |     3 ||     3
  Use: Potion            |     1 |     2 |     1 ||     4
       Scroll            |     1 |       |       ||     1
  Eat: Chunk             |       |       |     1 ||     1
Armor: Scale mail        |    17 |    25 |    21 ||    63
Dodge: Dodged            |    14 |    28 |    20 ||    62
Block: Shield            |    29 |    57 |    32 ||   118

Table legend:
 A = Turns spent in this place as a percentage of turns spent in the entire game.
 B = Non-inter-level travel turns spent in this place as a percentage of non-inter-level travel turns spent in the entire game.
 C = Inter-level travel turns spent in this place as a percentage of turns spent in this place.
 D = Turns resting spent in this place as a percentage of non-inter-level travel turns spent in this place.
 E = Turns spent auto-exploring this place as a percentage of non-inter-level travel turns spent in this place.
 F = Non-inter-level travel turns spent in this place divided by the number of levels of this place that you've seen.
                   A       B       C       D       E      F
               +-------+-------+-------+-------+-------+----------------------
         Total | 100.0 | 100.0 |   0.0 |   0.2 |   0.0 | 143.0
       Dungeon | 100.0 | 100.0 |   0.0 |   0.2 |   0.0 | 143.0
               +-------+-------+-------+-------+-------+----------------------

Table legend:
 A = Kills in this place as a percentage of kills in entire the game.
 B = Kills by you in this place as a percentage of kills by you in the entire game.
 C = Kills by friends in this place as a percentage of kills by friends in the entire game.
 D = Other kills in this place as a percentage of other kills in the entire game.
 E = Experience gained in this place as a percentage of experience gained in the entire game.
 F = Experience gained in this place divided by the number of levels of this place that you have seen.
                   A       B       C       D       E      F
               +-------+-------+-------+-------+-------+----------------------
         Total | 100.0 | 100.0 |  -nan |  -nan | 100.0 | 205.7
       Dungeon | 100.0 | 100.0 |  -nan |  -nan | 100.0 | 205.7
               +-------+-------+-------+-------+-------+----------------------
